 Dungeon Crawl Stone Soup version 0.31-a0-1207-g4ab8c38 (webtiles) character file.

Game seed: 10676997927361680707

2028943 Kearsarge the Intangible (level 27, 323/323 HPs)
             Began as a Merfolk Fighter on Dec 13, 2023.
             Was an Initiate of Gozag.
             Escaped with the Orb
             ... and 3 runes!
             The game lasted 01:23:41 (47770 turns).

Kearsarge the Intangible (Merfolk Fighter)         Turns: 47770, Time: 01:23:41

Health: 323/323    AC: 37    Str: 33    XL:     27
Magic:  32/32      EV: 32    Int:  7    God:    Gozag
Gold:   147        SH: 22    Dex: 16    Spells: 26/26 levels left

rFire   + . .        I - +8 demon trident "Rift" {distort, reach+}
rCold   + . .        v - +3 kite shield {reflect}
rNeg    + . .        (body armour currently unavailable)
rPois   ∞            (no helmet)
rElec   +            W - +1 cloak of Starlight {*Dazzle EV+4 Stlth--}
rCorr   +            (gloves currently unavailable)
SInv    .            (boots currently unavailable)
Will    ++...        p - amulet "Inibedih" {Reflect Regen+ SH+5} Stlth
                     V - ring "Puokk" {rElec rC+ Str+3 Dex+3}
HPRegen 1.53/turn    S - ring of Jumnan {Fly rF+ MP+9 Str+3}
MPRegen 0.23/turn

%: reflection
@: statue-form, flying, studying 2 skills, very slow
A: slow and powerful, torment resistance 1, boosted hp, (nimble swimmer 2),
mertail, (iridescent scales 1), clumsy 1, dopey 1, teleportitis 1
0: Orb of Zot
}: 3/15 runes: barnacled, silver, gossamer
a: Begin Untransformation, Renounce Religion, Potion Petition, Call Merchant,
Bribe Branch


You escaped.
You worshipped Gozag.
Gozag was aware of your devotion.
You were a living statue of rough stone.
You visited 10 branches of the dungeon, and saw 48 of its levels.
You visited 1 bazaar.
You visited 1 ziggurat, and saw 7 of its levels.
You also visited: Trove, Bailey and Wizlab.

You collected 26992 gold pieces.
You spent 7911 gold pieces at shops.
You paid 18934 gold pieces to Gozag.

Inventory:

Hand Weapons
 B - a +9 vampiric trident
 I - the +8 demon trident "Rift" (weapon) {distort, reach+}
   (You bought it in a shop on level 3 of the Vaults)
 M - a +7 spectral demon trident
 N - the +2 Maxwell's thermic engine {flame, freeze, rev}
   (You found it on level 5 of the Lair of Beasts)
Missiles
 k - 2 throwing nets
 y - 5 curare-tipped darts
Armour
 j - a scarf of repulsion
 q - a +2 helmet of see invisible
 v - a +3 kite shield of reflection (worn)
 E - the +3 warlock's mirror {omnireflect}
   (You acquired it on level 10 of the Dungeon)

   Omnireflect: It can block and reflect piercing ranged attacks and magical
   attacks against the wielder's willpower.
 W - the +1 cloak of Starlight (worn) {*Dazzle EV+4 Stlth--}
   (You found it on level 5 of the Vaults)

   *Dazzle:   It may blind those who miss an attack against the wearer in melee
   combat.
   EV+4:      It affects your evasion (+4).
   Stlth--:   It makes you much less stealthy.
Jewellery
 p - the amulet "Inibedih" (around neck) {Reflect Regen+ SH+5}
   (You found it in a treasure trove)

   [amulet of reflection]

   Reflect:   It reflects blocked missile attacks.
   Regen+:    It increases your rate of health regeneration.
   SH+5:      It affects your SH (+5).
 C - a ring of willpower
 K - an amulet of regeneration
 S - the ring of Jumnan (right fist) {Fly rF+ MP+9 Str+3}
   (You took it off a tengu warrior on level 13 of the Dungeon)

   [ring of flight]

   Str+3:     It affects your strength (+3).
   rF+:       It protects you from fire.
   MP+9:      It affects your magic capacity (+9).
   Fly:       It grants you flight.
 V - the ring "Puokk" (left fist) {rElec rC+ Str+3 Dex+3}
   (You found it in a treasure trove)

   [ring of protection from cold]

   Str+3:     It affects your strength (+3).
   Dex+3:     It affects your dexterity (+3).
   rC+:       It protects you from cold.
   rElec:     It insulates you from electricity.
Talismans
 U - the granite talisman of Demuwabo (active) {rCorr}
   (You found it on level 2 of the Shoals)

   [granite talisman]

   rCorr:     It protects you from acid and corrosion.
Wands
 a - a wand of quicksilver (41)
 c - a wand of charming (24)
 s - a wand of polymorph (22)
 u - a wand of flame (53)
 D - a wand of roots (32)
 J - a wand of mindburst (24)
Scrolls
 b - 3 scrolls of fear
 m - 6 scrolls of noise
 o - 8 scrolls of blinking
 t - 4 scrolls of poison
 x - 4 scrolls of vulnerability
 H - 8 scrolls of teleportation
 O - a scroll of torment
 R - 10 scrolls of fog
 T - 5 scrolls of immolation
 X - a scroll of amnesia
Potions
 d - a potion of invisibility
 e - 5 potions of mutation
 f - 5 potions of brilliance
 g - 10 potions of heal wounds
 h - 11 potions of curing
 i - 2 potions of berserk rage
 l - 2 potions of enlightenment
 n - 5 potions of magic
 w - 2 potions of resistance
 z - 4 potions of cancellation
 A - 4 potions of attraction
 F - 4 potions of haste
 G - 9 potions of lignification
 L - 4 potions of might
 Y - 4 potions of ambrosia
Miscellaneous
 r - a lightning rod (4/4)
 Z - a phantom mirror


   Skills:
 O Level 27 Fighting
 - Level 10.2 Long Blades
 O Level 27 Polearms
 - Level 4.5 Armour
 O Level 27 Dodging
 + Level 15.0 Shields
 - Level 22.7 Shapeshifting


You had 26 spell levels left.
You didn't know any spells.
Your spell library contained the following spells:

 Spells                   Type           Power      Damage    Failure   Level
 Kiss of Death            Conj/Necr      0%         2d5       52%         1
 Magic Dart               Conj           0%         1d3       52%         1
 Sting                    Tmut/Pois      0%         1d3       52%         1
 Blink                    Tloc           0%         N/A       67%         2
 Cigotuvi's Dreadful Rot  Necr/Pois/Air  0%         N/A       67%         2
 Ensorcelled Hibernation  Hex/Ice        0%         N/A       67%         2
 Lesser Beckoning         Tloc           0%         N/A       67%         2
 Momentum Strike          Conj/Tloc      0%         3d8       67%         2
 Passwall                 Tmut/Erth      0%         N/A       67%         2
 Poisonous Vapours        Pois/Air       0%         N/A       67%         2
 Scorch                   Fire           0%         2d5       67%         2
 Searing Ray              Conj           0%         2d4       67%         2
 Wereblood                Tmut           0%         N/A       67%         2
 Confusing Touch          Hex            0%         N/A       88%         3
 Dazzling Flash           Conj/Hex       0%         N/A       88%         3
 Hailstorm                Conj/Ice       0%         3d5       88%         3
 Ignite Poison            Fire/Tmut/Pois 0%         N/A       88%         3
 Inner Flame              Hex/Fire       0%         N/A       88%         3
 Mephitic Cloud           Conj/Pois/Air  0%         N/A       88%         3
 Ozocubu's Armour         Ice            0%         N/A       88%         3
 Swiftness                Air            0%         N/A       88%         3
 Tukima's Dance           Hex            0%         N/A       88%         3
 Vampiric Draining        Necr           0%         2d6       88%         3
 Volatile Blastmotes      Fire/Tloc      0%         2d10      88%         3
 Animate Armour           Summ/Erth      0%         N/A       99%         4
 Cause Fear               Hex            0%         N/A       99%         4
 Dispel Undead            Necr           0%         3d6       99%         4
 Flame Wave               Conj/Fire      0%         2d4       99%         4
 Fulminant Prism          Conj/Hex       0%         3d5       99%         4
 Iskenderun's Mystic Bla  Conj/Tloc      0%         2d3       99%         4
 Manifold Assault         Tloc           0%         N/A       99%         4
 Passage of Golubria      Tloc           0%         N/A       99%         4
 Sticky Flame             Conj/Fire      0%         2d3       99%         4
 Summon Ice Beast         Ice/Summ       0%         N/A       99%         4
 Vhi's Electric Charge    Tloc/Air       0%         N/A       99%         4
 Agony                    Necr           0%         N/A       100%        5
 Alistair's Intoxication  Tmut/Pois      0%         N/A       100%        5
 Arcjolt                  Conj/Air       0%         1d10      100%        5
 Borgnjor's Vile Clutch   Necr/Erth      0%         N/A       100%        5
 Fireball                 Conj/Fire      0%         3d3       100%        5
 Freezing Cloud           Conj/Ice/Air   0%         6-21      100%        5
 Irradiate                Conj/Tmut      0%         3d11      100%        5
 Iskenderun's Battlesphe  Conj           0%         2d6       100%        5
 Metabolic Englaciation   Hex/Ice        0%         N/A       100%        5
 Silence                  Hex/Air        0%         N/A       100%        5
 Summon Forest            Summ/Tloc      0%         N/A       100%        5
 Summon Mana Viper        Hex/Summ       0%         N/A       100%        5
 Yara's Violent Unravell  Hex/Tmut       0%         3d3       100%        5
 Bombard                  Conj/Erth      0%         9d1       100%        6
 Conjure Ball Lightning   Conj/Air       0%         3x3d6     100%        6
 Death Channel            Necr           0%         N/A       100%        6
 Dispersal                Tloc           0%         N/A       100%        6
 Eringya's Noxious Bog    Tmut/Pois      0%         4d6       100%        6
 Plasma Beam              Fire/Air       0%         2x1d10    100%        6
 Starburst                Conj/Fire      0%         6d3       100%        6
 Summon Cactus Giant      Summ           0%         N/A       100%        6
 Haunt                    Necr/Summ      0%         N/A       100%        7
 Monstrous Menagerie      Summ           0%         N/A       100%        7
 Ozocubu's Refrigeration  Ice            0%         4d7       100%        7
 Spellforged Servitor     Conj/Summ      0%         N/A       100%        7
 Discord                  Hex            0%         N/A       100%        8
 Disjunction              Tloc           0%         N/A       100%        8
 Infestation              Necr           0%         N/A       100%        8
 Lehudib's Crystal Spear  Conj/Erth      0%         10d2      100%        8
 Dragon's Call            Summ           0%         N/A       100%        9
 Polar Vortex             Ice            0%         N/A       100%        9
 Sublimation of Blood     Necr           Unusable   N/A       N/A         2
 Animate Dead             Necr           Unusable   N/A       N/A         4
 Simulacrum               Ice/Necr       Unusable   N/A       N/A         6

Dungeon Overview and Level Annotations

Branches:
Dungeon (15/15)            Temple (1/1) D:4            Lair (5/5) D:9
 Shoals (4/4) Lair:2       Spider (4/4) Lair:2          Orc (2/2) D:11
    Elf (3/3) Orc:2        Vaults (5/5) D:13          Crypt (0/3) Vaults:2
 Depths (4/4) D:15            Zot (5/5) Depths:4     Bailey (visited)
 WizLab (visited)
  Slime: Lair:4-5

Altars:
Ashenzari
Cheibriados
Dithmenos
Elyvilon
Fedhas
Gozag
Hepliaklqana
Kikubaaqudgha
Makhleb
Nemelex Xobeh
Okawaru
Qazlal
Ru
Sif Muna
Trog
Uskayaw
Vehumet
Wu Jian
Xom
Yredelemnul
Zin
The Shining One

Shops:
D:1 =   D:6 [   D:8 [   D:10 =   D:11 (   D:12 [   Orc:2 **!(   Elf:1 [
Elf:2 [   Lair:4 [   Shoals:2 !==?   Shoals:4 (   Vaults:1 *   Vaults:2 [
Vaults:3 **[=(   Vaults:5 (?

Portals:
Hell: Depths:1 Depths:4
Abyss: Depths:3 Depths:4

Annotations:
Lair:5 exclusion: 3 oklob plants
Spider:2 3 runed translucent doors, Benop's ghost, journeyman GrFi; Ipnyshoba's ghost, adept DsFi; Menu's ghost, adept MiWr
Orc:2 2 transporters, dhlexpress's ghost, adept KoBr


Innate Abilities, Weirdness & Mutations

You are a living statue of rough stone.
Your actions are slow, but your melee attacks are powerful.
You are resistant to unholy torment.
Your maximum health is greatly increased.
Your equipment is partially melded.
You are immune to poison.
((You are very nimble when in or above water. (Stealth+, EV+, Speed+++)))
Your lower body shifts to a powerful aquatic tail in water.
((You are partially covered in iridescent scales. (AC +2)))
You are clumsy. (Dex -2)
You are dopey. (Int -2)
You are occasionally teleported next to monsters.


Message History

The chaos spawn degenerates into a cloud of primal chaos!
No target in view!
No target in view!
What level of the Dungeon? (default 1, ? - help)
There is a stone staircase leading up here.
You fly upwards.
There is a stone staircase leading down here.
Things that are here:
a +0 spear; a +0 leather armour; a +0 dagger
Things that are here:
a +0 flail; a +0 hand axe
There is a stone staircase leading up here.
You fly upwards.
There is a stone staircase leading down here.
There is a stone staircase leading up here.
You fly upwards.
There is a stone staircase leading down here.
There is a stone staircase leading up here.
You fly upwards.
There is a stone staircase leading down here.
As you read the scroll of teleportation, it crumbles to dust.
You feel strangely unstable.
You feel the Orb delaying your translocation!
You start waiting.
Your surroundings suddenly seem different.
As you read the scroll of teleportation, it crumbles to dust.
You feel strangely unstable.
You feel the Orb delaying your translocation!
You start waiting.
Your surroundings suddenly seem different.
As you read the scroll of teleportation, it crumbles to dust.
You feel strangely unstable.
You feel the Orb delaying your translocation!
You start waiting.
Your surroundings suddenly seem different.
Blink to where?
Press: ? - help, Q - select action, (/) - cycle Dir - move target
As you read the scroll of blinking, it crumbles to dust.
There is a staircase leading out of the dungeon here.
You have escaped!

####################
≈≈≈≈≈§≈≈≈≈≈≈≈≈≈≈≈≈##
≈≈≈≈§§§~~~~§~≈≈≈§≈≈#
~~§~§§§§~~~§§~~§≈≈≈#
§§~§§§§.§.§~~§§§§~≈##
§............§§§~§~~##
..∩.♣..8.....§...§§§~##
#~~~§§§..............∩......§~§##
....§.♣..∩....♣...♣.....∩......§#
....∩......................∩..♣..
.♣.....................).........
.....♣........................∩..
................................#
.................................
.................................


There were no monsters in sight!

Vanquished Creatures
  4 dread liches
  2 ancient liches (Zot:5)
  An orb of fire (Zot:5)
  2 juggernauts
  A Killer Klown (Zot:5)
  Saint Roka (Vaults:4)
  A pandemonium lord (D:11)
  Nikola (Spider:2)
  Norris (Elf:1)
  6 golden dragons
  Jory (Vaults:4)
  2 hellephants (Vaults:2)
  3 electric golems
  2 Ice Fiends
  2 Hell Sentinels
  Jorgrun (Orc:1)
  8 tentacled monstrosities
  7 titans (Vaults:5)
  2 quicksilver dragons
  4 deep elf master archers
  A deep elf blademaster (Elf:3)
  21 Orb Guardians
  An Executioner (D:5)
  Frances (Spider:2)
  9 sphinxes
  2 krakens
  6 tengu reavers
  3 thorn hunters (WizLab)
  A death cob (Zot:1)
  7 storm dragons
  4 draconian monks
  5 shadow dragons
  Ilsuiw (Shoals:3)
  Donald (Elf:1)
  An azure jelly (Zig:7)
  4 draconian knights
  3 fenstrider witches (WizLab)
  8 fire giants
  12 vault wardens
  10 deep elf sorcerers
  5 frost giants
  Louise (D:15)
  10 emperor scorpions
  An iron dragon (Depths:1)
  5 ghost moths
  A cacodemon (D:5)
  5 deep elf elementalists
  2 draconian scorchers
  A spriggan defender (Depths:3)
  5 orc warlords
  2 formless jellyfish (Vaults:1)
  16 ironbound preservers
  10 stone giants
  6 war gargoyles
  5 ironbound thunderhulks
  3 broodmothers
  4 draconian annihilators
  2 vampire knights (Depths:3)
  7 very ugly things
  4 deep elf demonologists
  8 deep elf annihilators
  5 green draconians
  3 red draconians
  Nessos (D:15)
  2 eleionomae (WizLab)
  13 dire elephants
  9 purple draconians
  2 white draconians (Zot:5)
  7 yellow draconians
  A black draconian (Zot:5)
  6 spark wasps
  Snorg (Lair:5)
  7 crystal guardians
  8 ettins
  9 merfolk impalers
  5 deep elf death magi (Elf:3)
  2 merfolk javelineers
  A blizzard demon (Zot:2)
  7 fire dragons
  A quicksilver dragon skeleton (Depths:2)
  8 deep elf high priests
  3 shambling mangroves (WizLab)
  12 yaktaur captains
  6 entropy weavers
  2 rakshasas
  4 great orbs of eyes
  27 vault guards
  2 hydras (D:13)
  2 peacekeepers
  4 radroaches
  10 ice dragons
  A hell beast (Zot:2)
  A merfolk avatar (Lair:5)
  7 ironbound frosthearts
  5 merfolk aquamancers
  11 centaur warriors
  2 ogre magi (Vaults:5)
  3 deep troll shamans (Depths:4)
  A spriggan air mage (Depths:1)
  4 two-headed ogres
  6 jorogumos
  9 boulder beetles
  12 death yaks
  5 tengu warriors
  7 demonic crawlers
  8 satyrs
  4 deep troll earth magi
  A vampire mage (Depths:4)
  28 dancing weapons
  2 orc high priests
  A wretched star (Zig:3)
  2 soul eaters (Depths:2)
  Sonja (D:11)
  13 deep elf knights
  2 spriggan berserkers (Depths:1)
  18 hell knights
  A skyshark (shapeshifter) (Vaults:5)
  7 skysharks
  2 sixfirhies
  A spatial maelstrom (Zig:3)
  A pharaoh ant (Spider:4)
  3 sun moths
  A glowing orange brain (shapeshifter) (Elf:2)
  An orb spider (shapeshifter) (Vaults:5)
  A cherub (D:11)
  2 shadow wraiths (Depths:2)
  5 sea snakes
  47 deep trolls
  A deep troll (shapeshifter) (Depths:4)
  A shadow demon (D:14)
  3 glowing orange brains
  14 orb spiders
  A flayed ghost (Depths:1)
  7 arcanists
  6 phantasmal warriors
  17 ironbound convokers
  A harpy (shapeshifter) (Vaults:5)
  7 deep elf archers
  29 deep elf pyromancers
  2 necromancers
  13 orc knights
  32 harpies
  11 steelbarb worms
  7 lindwurms
  An iron dragon zombie (Depths:2)
  19 manticores
  20 deep elf zephyrmancers
  7 orc sorcerers
  2 oklob plants (WizLab)
  34 ugly things
  3 cyclopes
  12 wolf spiders
  30 fauns
  2 frost giant zombies (Depths:2)
  15 moths of wrath
  2 shining eyes (Zig:7)
  2 toenail golems
  A large abomination (Zig:3)
  4 kobold blastminers (Orc:2)
  5 elephants
  8 black mambas
  3 water nymphs
  22 vault sentinels
  6 merfolk sirens
  A water nymph (shapeshifter) (Vaults:5)
  A smoke demon (D:11)
  12 cane toads
  7 torpor snails
  An orange demon (D:5)
  A gargoyle (D:13)
  An eye of devastation (Zig:7)
  3 hellions
  3 rime drakes
  14 komodo dragons
  25 yaktaurs
  3 tengu conjurers (D:13)
  3 freezing wraiths
  A guardian mummy (Zot:3)
  6 trolls
  A merfolk (shapeshifter) (Vaults:5)
  2 polar bears
  Prince Ribbit (Bailey)
  27 merfolk
  7 hornets
  27 tarantellas
  10 blink frogs
  13 wind drakes
  13 dream sheep
  4 glass eyes
  15 slime creatures
  9 snapping turtles
  Sigmund (D:5)
  A centaur simulacrum (D:14)
  2 air elementals (Elf:2)
  34 jumping spiders
  18 water elementals
  A vampire (D:10)
  59 yaks
  27 culicivoras
  6 wyverns
  A spriggan (Depths:1)
  3 wraiths
  A human (shapeshifter) (D:13)
  2 shadows
  2 humans (Bailey)
  A ynoxinul (Zot:5)
  5 basilisks
  6 steam dragons
  Eustachio (D:4)
  A golden eye (Zig:7)
  A hog (shapeshifter) (D:15)
  57 redbacks
  2 neqoxecs
  A vampire mosquito (D:13)
  A chaos spawn (D:5)
  4 wargs
  A naga (shapeshifter) (D:15)
  An acid dragon (D:11)
  Duvessa (D:6)
  14 water moccasins
  48 orc warriors
  A black bear (D:7)
  7 boggarts
  An ogre (shapeshifter) (Depths:4)
  3 sky beasts
  7 ogres
  13 wolves
  13 centaurs
  A phantom (D:5)
  2 kobold brigands
  24 bullfrogs
  3 gnoll sergeants
  2 earth elementals
  6 wights
  7 killer bees
  Dowan (D:6)
  6 electric eels
  3 howler monkeys (D:7)
  A jelly (D:6)
  4 hounds
  12 orc priests
  A gnoll bouda (D:5)
  2 sleepcaps
  An iguana (D:6)
  11 hell rats (Lair:5)
  15 orc wizards
  20 gnolls
  3 adders
  2 white imps
  6 ufetubi
  A worm (D:5)
  4 dart slugs
  74 orcs
  10 ball pythons
  6 endoplasms
  2 giant cockroaches
  12 goblins
  5 hobgoblins
  9 jackals
  5 quokkas
  9 bats
  2 frilled lizards (D:1)
  18 kobolds
  8 rats
  4 tentacles (Shoals:3)
1863 creatures vanquished.

Vanquished Creatures (collateral kills)
  Roxanne (D:15)
  A ghost moth (Zot:5)
  A black draconian (Zot:5)
  2 white draconians (Zot:5)
  A purple draconian (Zot:5)
  An ice dragon (D:15)
  A moth of wrath (Zot:5)
  An acid dragon (D:9)
  A scorpion (D:9)
10 creatures vanquished.

Vanquished Creatures (others)
  2 ancient liches (Zot:5)
  A Killer Klown (Zot:5)
  A walking crystal tome (Depths:3)
  2 tentacled monstrosities (Zot:5)
  3 Orb Guardians (Zot:5)
  A draconian monk (Zot:5)
  2 draconian shifters (Zot:5)
  An angel (D:11)
  A draconian stormcaller (Zot:5)
  3 draconian annihilators (Zot:5)
  A black draconian (Zot:5)
  2 purple draconians (Zot:5)
  A white draconian (Zot:5)
  2 yellow draconians (Zot:5)
  2 green draconians (Zot:5)
  3 red draconians (Zot:5)
  A deep elf high priest (Elf:3)
  An occultist (Elf:1)
  A deep elf knight (Elf:1)
  2 deep elf pyromancers (Elf:1)
  A deep elf zephyrmancer (Elf:1)
  An ugly thing (D:14)
  A culicivora (Spider:2)
  A wyvern (D:9)
  3 orc warriors
  An orc priest (Orc:1)
  3 orcs
  31 spectral weapons
  10 tentacles
85 creatures vanquished.

Grand Total: 1958 creatures vanquished

Notes
Turn   | Place    | Note
-------+----------+-------------------------------------------
     0 | D:1      | Kearsarge the Merfolk Fighter began the quest for the Orb.
     0 | D:1      | Reached XP level 1. HP: 18/18 MP: 1/1
    86 | D:1      | Found Biuximov's Jewellery Emporium.
   198 | D:1      | Reached XP level 2. HP: 24/24 MP: 2/2
   775 | D:2      | Reached XP level 3. HP: 30/30 MP: 3/3
  1172 | D:2      | Reached XP level 4. HP: 37/37 MP: 4/4
  1421 | D:2      | Reached skill level 5 in Polearms
  2216 | D:3      | Reached XP level 5. HP: 43/43 MP: 5/5
  2425 | D:4      | Noticed Eustachio
  2430 | D:4      | Killed Eustachio
  2431 | D:4      | Reached skill level 5 in Fighting
  2431 | D:4      | Reached XP level 6. HP: 51/51 MP: 6/6
  2527 | D:4      | Found a staircase to the Ecumenical Temple.
  2540 | Temple   | Entered the Ecumenical Temple
  2553 | Temple   | Became a worshipper of Gozag Ym Sagoz the Greedy
  2720 | D:4      | Reached XP level 7. HP: 56/56 MP: 7/7
  3045 | D:5      | Entered Level 5 of the Dungeon
  3567 | D:5      | Noticed Sigmund
  3575 | D:5      | Killed Sigmund
  3576 | D:5      | Reached XP level 8. HP: 58/65 MP: 8/8
  3610 | D:5      | Reached skill level 10 in Polearms
  3663 | D:5      | Noticed a wraith
  3669 | D:5      | Killed a wraith
  3923 | D:6      | Noticed Duvessa
  3925 | D:6      | Noticed Dowan
  4072 | D:6      | Killed Duvessa
  4074 | D:6      | Killed Dowan
  4159 | D:6      | Identified a scroll of acquirement
  4160 | D:6      | Acquired 595 gold pieces
  4211 | D:6      | You fall into a shaft and drop 1 floor!
  4408 | D:6      | Bought a warped scale mail for 225 gold pieces
  4408 | D:6      | Identified the +0 scale mail of Deuriny {rCorr} (You bought
                  | it in a shop on level 6 of the Dungeon)
  4408 | D:6      | Bought a slimy leather armour for 175 gold pieces
  4408 | D:6      | Identified the +1 leather armour of the Sacrificial Victim
                  | {rElec Str+3 Dex+4} (You bought it in a shop on level 6 of
                  | the Dungeon)
  4422 | D:6      | Bought a pair of glowing gloves for 187 gold pieces
  4440 | D:6      | Identified the +0 ring mail "Quimilir" {rElec Will+ Int+5}
  4470 | D:6      | Reached XP level 9. HP: 73/74 MP: 9/9
  4704 | D:6      | Found an ornate altar of the Wu Jian Council.
  4794 | D:7      | Noticed a hornet
  4809 | D:7      | Paralysed by a hornet for 3 turns
  5013 | D:7      | Paralysed by a hornet for 1 turns
  5014 | D:7      | a hornet changed into a sky beast
  5508 | D:8      | Noticed a two-headed ogre
  5516 | D:8      | Killed a two-headed ogre
  5626 | D:8      | Found a flagged portal.
  5659 | Bailey   | Entered a bailey
  5683 | Bailey   | Reached XP level 10. HP: 74/83 MP: 10/10
  5755 | Bailey   | Reached skill level 15 in Polearms
  5905 | Bailey   | Noticed a vault guard
  5913 | Bailey   | Noticed Prince Ribbit
  5913 | Bailey   | Noticed a vault guard
  5926 | Bailey   | Killed Prince Ribbit
  5950 | Bailey   | Killed a vault guard
  5951 | Bailey   | Reached skill level 10 in Fighting
  5976 | Bailey   | Acquired 1099 gold pieces
  6949 | D:9      | Found a staircase to the Lair.
  7144 | D:9      | Identified the +4 scale mail "Totrih" {rN++ Str+4 Stlth-}
  7269 | D:9      | Reached XP level 11. HP: 93/93 MP: 11/11
  7343 | D:9      | Reached skill level 1 in Dodging
  7782 | D:10     | Entered Level 10 of the Dungeon
  7849 | D:10     | Acquired the +3 warlock's mirror {omnireflect}
  7849 | D:10     | Found the +3 warlock's mirror {omnireflect}
  8009 | D:10     | Noticed a two-headed ogre
  8016 | D:10     | Killed a two-headed ogre
  8182 | D:10     | Reached skill level 5 in Dodging
  8222 | D:10     | Bought the amulet "Fobuopn" {Reflect Harm ^Drain rF+ Regen+
                  | SH+5} for 537 gold pieces
  8387 | D:10     | Found a shimmering blue altar of Sif Muna.
  8805 | D:11     | Noticed a manticore
  8812 | D:11     | Killed a manticore
  8815 | D:11     | Noticed a boulder beetle
  8850 | D:11     | Killed a boulder beetle
  8952 | D:11     | Reached XP level 12. HP: 103/103 MP: 12/12
  9188 | D:11     | Noticed a vault guard
  9194 | D:11     | Killed a vault guard
  9200 | D:11     | Found a portal to a secret trove of treasure.
  9327 | D:11     | Noticed a two-headed ogre
  9334 | D:11     | Killed a two-headed ogre
  9335 | D:11     | Reached skill level 10 in Dodging
  9427 | D:11     | Found a staircase to the Orcish Mines.
  9429 | D:11     | Found Neen's Weapon Boutique.
  9916 | Orc:1    | Entered Level 1 of the Orcish Mines
  9916 | Orc:1    | Noticed Sonja
  9949 | D:11     | Killed Sonja
 10159 | Orc:1    | Noticed an orc warlord
 10179 | Orc:2    | Entered Level 2 of the Orcish Mines
 10224 | Orc:2    | Noticed an orc warlord
 10238 | Orc:2    | Found a staircase to the Elven Halls.
 10281 | Orc:2    | Noticed a centaur warrior
 10292 | Orc:2    | Killed a centaur warrior
 10325 | Orc:2    | Reached XP level 13. HP: 112/112 MP: 13/13
 10377 | Orc:2    | Reached skill level 5 in Shields
 10391 | Orc:2    | Killed an orc warlord
 10444 | Orc:2    | Found Urawic's Distillery.
 10444 | Orc:2    | Found Zuny's General Store.
 10446 | Orc:2    | Found Unomag Iwkent's Assorted Antiques.
 10476 | Orc:2    | Found Zextiex's Weapon Boutique.
 10480 | Orc:2    | Bought a potion of cancellation for 104 gold pieces
 10480 | Orc:2    | Bought a potion of resistance for 130 gold pieces
 10481 | Orc:2    | Bought a scroll of identify for 24 gold pieces
 10481 | Orc:2    | Bought a potion of curing for 36 gold pieces
 10481 | Orc:2    | Bought a scroll of identify for 24 gold pieces
 10481 | Orc:2    | Bought a potion of cancellation for 96 gold pieces
 10486 | Orc:2    | Bought a fizzy golden potion for 31 gold pieces
 10486 | Orc:2    | Bought a scroll of teleportation for 105 gold pieces
 10486 | Orc:2    | Bought a glowing scarf for 280 gold pieces
 10486 | Orc:2    | Bought a scroll of identify for 70 gold pieces
 10486 | Orc:2    | Bought a scroll of teleportation for 105 gold pieces
 10486 | Orc:2    | Bought a dark potion for 31 gold pieces
 10486 | Orc:2    | Bought a scroll of identify for 70 gold pieces
 10648 | Orc:2    | Found a transporter.
 10653 | Orc:2    | Noticed dhlexpress's ghost (adept KoBr)
 10659 | Orc:2    | Identified the +2 great mace "Riguowir" {drain, rF+ rC-
                  | Str+4}
 10659 | Orc:2    | Identified the +1 giant spiked club of Onguiwkeo {flame,
                  | rCorr SInv}
 10693 | Orc:2    | Found a transporter.
 10929 | Orc:1    | Noticed Jorgrun
 10950 | Orc:1    | Killed Jorgrun
 11169 | Orc:2    | Killed an orc warlord
 11531 | Lair:1   | Entered Level 1 of the Lair of Beasts
 11911 | Lair:1   | Identified the ring of Sihi Jee {AC+4 SInv}
 12214 | Lair:2   | Found a staircase to the Shoals.
 12475 | Lair:2   | Found a hole to the Spider Nest.
 12881 | Lair:3   | Reached skill level 15 in Fighting
 13546 | Lair:4   | Bought a +1 pair of gloves of infusion for 198 gold pieces
 13765 | Lair:4   | Reached XP level 14. HP: 123/123 MP: 12/14
 14521 | Lair:4   | Identified the +4 chain mail of Vexation {rElec}
 14773 | Lair:5   | Entered Level 5 of the Lair of Beasts
 14785 | Lair:5   | Noticed Snorg
 15055 | Lair:5   | Killed Snorg
 15922 | Lair:5   | Noticed a dire elephant
 15942 | Lair:5   | Killed a dire elephant
 15949 | Lair:5   | Reached XP level 15. HP: 119/139 MP: 0/15
 16105 | Lair:5   | Found the +2 Maxwell's thermic engine {flame, freeze, rev}
 17124 | D:12     | Bought an ichor-stained scarf for 390 gold pieces
 17124 | D:12     | Identified the scarf "Jolig" {+Inv, rElec rC- Int+2 Dex+6}
                  | (You bought it in a shop on level 12 of the Dungeon)
 17126 | D:12     | Bought a crude chain mail for 370 gold pieces
 17126 | D:12     | Identified the +0 chain mail of the Reasonable Grue {Harm
                  | rF+ Will- Dex+4} (You bought it in a shop on level 12 of
                  | the Dungeon)
 17513 | D:12     | Reached skill level 1 in Long Blades
 18022 | D:13     | Reached skill level 5 in Long Blades
 18175 | D:13     | Identified the +4 trident of Paddes {speed, Str+2}
 18687 | D:13     | Found a gate to the Vaults.
 18983 | D:13     | Identified the ring of Jumnan {Fly rF+ MP+9 Str+3}
 20020 | D:15     | Entered Level 15 of the Dungeon
 20061 | D:15     | Noticed Roxanne
 20111 | D:15     | Killed Roxanne
 20112 | D:15     | Reached skill level 10 in Long Blades
 20209 | D:15     | Reached skill level 1 in Shapeshifting
 20747 | D:15     | Reached skill level 5 in Shapeshifting
 20977 | D:15     | Reached XP level 16. HP: 148/148 MP: 16/16
 21044 | D:15     | Noticed Louise
 21059 | D:15     | Killed Louise
 21146 | D:15     | Noticed Nessos
 21179 | D:15     | Killed Nessos
 21270 | D:15     | Found a staircase to the Depths.
 21715 | Shoals:1 | Entered Level 1 of the Shoals
 22656 | Shoals:1 | Reached skill level 10 in Shapeshifting
 22823 | Shoals:2 | Found Ocooke's Jewellery Boutique.
 22872 | Shoals:2 | Identified the granite talisman of Demuwabo {rCorr}
 23080 | Shoals:2 | Noticed a kraken
 23095 | Shoals:2 | Killed a kraken
 23267 | Shoals:2 | Found Ruoceit's Distillery.
 23308 | Shoals:2 | Bought a potion of invisibility for 112 gold pieces
 23308 | Shoals:2 | Bought a potion of haste for 140 gold pieces
 23308 | Shoals:2 | Bought a potion of heal wounds for 70 gold pieces
 23308 | Shoals:2 | Bought a potion of mutation for 112 gold pieces
 23308 | Shoals:2 | Bought a potion of heal wounds for 70 gold pieces
 23308 | Shoals:2 | Bought a potion of berserk rage for 70 gold pieces
 23466 | D:11     | You paid a toll of 7 potions of haste to enter a treasure
                  | trove
 23467 | Trove    | Entered a treasure trove
 23477 | Trove    | Identified the ring of Yqinihet {rElec Int+6}
 23485 | Trove    | Identified the ring "Qeeckum" {Wiz rCorr}
 23491 | Trove    | Identified the ring "Roqabr Honn" {Fire rPois Str+2 Int-4
                  | Stlth+}
 23494 | Trove    | Identified the ring "Nacven" {Fire rN+ Dex+5 Slay-5}
 23497 | Trove    | Identified the amulet "Inibedih" {Reflect Regen+ SH+5}
 23509 | Trove    | Identified the amulet "Gid Finea" {Spirit Rampage rF+}
 23515 | Trove    | Identified the ring "Puokk" {rElec rC+ Str+3 Dex+3}
 23526 | Trove    | Identified the ring of Modesty {rElec rPois rF+ Int-5
                  | Dex+7}
 24230 | Shoals:2 | You are sucked into a shaft and drop 1 floor!
 24539 | Shoals:2 | Found Rumehov's Magic Scroll Shop.
 24585 | Shoals:2 | Bought a scroll of fear for 40 gold pieces
 25321 | Shoals:3 | Noticed Ilsuiw
 25374 | Shoals:3 | Killed Ilsuiw
 25375 | Shoals:3 | Reached XP level 17. HP: 112/155 MP: 0/17
 25544 | Shoals:3 | Noticed a kraken
 25575 | Shoals:3 | Killed a kraken
 25946 | Shoals:2 | Bought a scroll of acquirement for 520 gold pieces
 25946 | Shoals:2 | Acquired 488 gold pieces
 26036 | Shoals:4 | Entered Level 4 of the Shoals
 26052 | Shoals:4 | Reached skill level 15 in Shapeshifting
 26665 | Shoals:4 | Got the Parchment of Percussion and the Nimbus
 26691 | Shoals:4 | Got a barnacled rune of Zot
 26905 | Shoals:4 | Found Nienn's Antique Weapon Shop.
 27220 | Spider:1 | Entered Level 1 of the Spider Nest
 28370 | Spider:2 | Reached XP level 18. HP: 162/162 MP: 18/18
 28434 | Spider:2 | Found a runed translucent gate.
 28434 | Spider:2 | Found a runed translucent gate.
 28434 | Spider:2 | Found a runed translucent gate.
 28439 | Spider:2 | Noticed Benop's ghost (journeyman GrFi)
 28439 | Spider:2 | Noticed Menu's ghost (adept MiWr)
 28439 | Spider:2 | Noticed Ipnyshoba's ghost (adept DsFi)
 28640 | Spider:2 | Noticed Frances
 28643 | Spider:2 | Noticed Nikola
 28662 | Spider:2 | Killed Nikola
 28666 | Spider:2 | Killed Frances
 28881 | Spider:2 | Gained mutation: You are occasionally teleported next to
                  | monsters. [mutagenic glow]
 29277 | Spider:3 | Gained mutation: Your magical capacity is low. (-10% MP)
                  | [mutagenic glow]
 29280 | Spider:3 | Lost mutation: Your magical capacity is low. (-10% MP)
                  | [potion of mutation]
 29280 | Spider:3 | Lost mutation: You are occasionally teleported next to
                  | monsters. [potion of mutation]
 29280 | Spider:3 | Gained mutation: You occasionally lose the ability to read
                  | scrolls when taking damage. [potion of mutation]
 29281 | Spider:3 | Lost mutation: You occasionally lose the ability to read
                  | scrolls when taking damage. [potion of mutation]
 29281 | Spider:3 | Gained mutation: You are weak. (Str -2) [potion of
                  | mutation]
 29281 | Spider:3 | Gained mutation: You are partially covered in iridescent
                  | scales. (AC +2) [potion of mutation]
 29281 | Spider:3 | Gained mutation: You possess an exceptional clarity of
                  | mind. [potion of mutation]
 29992 | Spider:4 | Entered Level 4 of the Spider Nest
 30932 | Spider:4 | Reached XP level 19. HP: 125/169 MP: 2/19
 31072 | Spider:4 | Got a gossamer rune of Zot
 31079 | Spider:4 | Identified the orb of Marbles {*channel, rC- Str+6 Dex+3
                  | Hexes}
 31096 | Spider:4 | Reached XP level 20. HP: 176/176 MP: 20/20
 31713 | Elf:1    | Entered Level 1 of the Elven Halls
 31783 | Elf:1    | Noticed Norris
 31805 | Elf:1    | Killed Norris
 31817 | Elf:1    | Noticed Donald
 31852 | Elf:1    | Killed Donald
 32115 | Elf:1    | Reached skill level 15 in Dodging
 32134 | Elf:1    | Found Vatush's Armour Shop.
 32402 | Elf:1    | You are sucked into a shaft and drop 1 floor!
 32652 | Elf:2    | Found a runed translucent gate.
 32652 | Elf:2    | Found a runed translucent gate.
 32664 | Elf:2    | Found a runed translucent gate.
 33264 | Elf:2    | Found Jikh's Antique Armour Shop.
 33430 | Elf:3    | Entered Level 3 of the Elven Halls
 33751 | Elf:3    | Identified the +1 spear of Turmoil {holy, *Rage rF+ rN+
                  | Will+}
 34022 | Elf:3    | Reached XP level 21. HP: 183/183 MP: 21/21
 34061 | Elf:3    | Identified the +1 hand axe "Ososuuh" {flame, *Noise rC+++
                  | Will+ Dex+3}
 34231 | Elf:3    | Identified the +5 quarterstaff "Newtslayer" {freeze, *Slow
                  | rC+ rN+ Dex+3}
 34707 | Elf:3    | Found the +7 lajatang of Order {silver, rMut}
 34711 | Elf:3    | Identified the serpent talisman of the Sacrificial Victim
                  | {rF+ Int+5}
 35015 | Vaults:1 | Entered Level 1 of the Vaults
 35020 | Vaults:1 | Bought a scroll of blinking for 262 gold pieces
 35020 | Vaults:1 | Bought a scroll of brand weapon for 332 gold pieces
 36581 | Vaults:2 | Bought a shiny helmet for 157 gold pieces
 36658 | Vaults:2 | Found a huge runed gate.
 36659 | Vaults:2 | Found a huge runed gate.
 36660 | Vaults:2 | Found a huge runed gate.
 36660 | Vaults:2 | Found a huge runed gate.
 36661 | Vaults:2 | Found a huge runed gate.
 36661 | Vaults:2 | Found a huge runed gate.
 36662 | Vaults:2 | Found a huge runed gate.
 36662 | Vaults:2 | Found a huge runed gate.
 36662 | Vaults:2 | Found a huge runed gate.
 36662 | Vaults:2 | Found a huge runed gate.
 36662 | Vaults:2 | Found a huge runed gate.
 36663 | Vaults:2 | Found a huge runed gate.
 36664 | Vaults:2 | Found a huge runed gate.
 36665 | Vaults:2 | Found a huge runed gate.
 36666 | Vaults:2 | Found a huge runed gate.
 36667 | Vaults:2 | Found a huge runed gate.
 36675 | Vaults:2 | Found a huge runed gate.
 36675 | Vaults:2 | Found a huge runed gate.
 36675 | Vaults:2 | Found a huge runed gate.
 36675 | Vaults:2 | Found a huge runed gate.
 36675 | Vaults:2 | Found a huge runed gate.
 36675 | Vaults:2 | Found a huge runed gate.
 36679 | Vaults:2 | Found a huge runed gate.
 36680 | Vaults:2 | Found a huge runed gate.
 36681 | Vaults:2 | Found a huge runed gate.
 36698 | Vaults:2 | Found a staircase to the Crypt.
 36721 | Vaults:2 | Reached XP level 22. HP: 135/190 MP: 22/22
 38285 | Vaults:3 | Found a magical portal.
 38291 | WizLab   | Entered Eringya's Formal Garden
 38396 | WizLab   | Paralysed by a fenstrider witch for 3 turns
 38477 | WizLab   | Paralysed by a fenstrider witch for 3 turns
 38513 | WizLab   | Found a blossoming altar of Fedhas.
 38720 | WizLab   | Got the Monograph on the Glowing Autopsy
 39079 | Vaults:3 | Found Wum Rih's Armour Shoppe.
 39079 | Vaults:3 | Found Zegehah's Jewellery Shop.
 39095 | Vaults:3 | Found Ingaf's Weapon Shoppe.
 39098 | Vaults:3 | Bought the +8 demon trident "Rift" {distort, reach+} for
                  | 1183 gold pieces
 39098 | Vaults:3 | Found the +8 demon trident "Rift" {distort, reach+}
 39211 | Vaults:3 | Found Fiemog's General Store.
 39215 | Vaults:3 | Bought a potion of heal wounds for 105 gold pieces
 39215 | Vaults:3 | Bought a potion of might for 84 gold pieces
 39286 | Vaults:3 | Found Yluciwk's General Store.
 39294 | Vaults:3 | Bought a scroll of revelation for 105 gold pieces
 40030 | Vaults:4 | Noticed Saint Roka
 40037 | Vaults:4 | Paralysed by an orc sorcerer for 3 turns
 40057 | Vaults:4 | Killed Saint Roka
 40059 | Vaults:4 | Reached XP level 23. HP: 132/196 MP: 23/23
 40245 | Vaults:4 | Noticed Jory
 40270 | Vaults:4 | Killed Jory
 41223 | Vaults:5 | Entered Level 5 of the Vaults
 41275 | Vaults:5 | Noticed a dread lich
 41287 | Vaults:5 | Banished a dread lich
 41324 | Vaults:5 | Reached skill level 27 in Dodging
 41351 | Vaults:5 | Noticed a golden dragon
 41353 | Vaults:5 | Noticed a golden dragon
 41361 | Vaults:5 | Noticed a golden dragon
 41367 | Vaults:5 | Noticed an ancient lich
 41376 | Vaults:5 | Banished an ancient lich
 41381 | Vaults:5 | Killed a golden dragon
 41382 | Vaults:5 | Reached XP level 24. HP: 142/208 MP: 23/23
 41721 | Vaults:5 | Identified the +0 ring mail of Fanaticism {+Inv rElec Dex-2
                  | Stlth+}
 41930 | Vaults:5 | Found Kionos's Weapon Boutique.
 41937 | Vaults:5 | Identified the staff "Uquno" {Str-2 Int+4 Conj Fire}
 41946 | Vaults:5 | Identified the amulet "Kiwaor" {Regen+ Dex+2}
 41995 | Vaults:5 | Found the +1 cloak of Starlight {*Dazzle EV+4 Stlth--}
 42048 | Vaults:5 | Identified the +6 spear of Valiance {freeze, *Rage rC+
                  | Will++ Dex+3}
 42125 | Vaults:5 | Found Izxei's Magic Scroll Shoppe.
 42130 | Vaults:5 | Bought a scroll of blinking for 142 gold pieces
 42130 | Vaults:5 | Bought a scroll of immolation for 76 gold pieces
 42340 | Vaults:5 | Got a silver rune of Zot
 42580 | Vaults:5 | Identified the +11 crystal plate armour of Asofatzu {Int+2}
 42585 | Vaults:5 | Got the Anthology of the Reshaped Retinue
 42811 | Depths:1 | Entered Level 1 of the Depths
 42884 | Depths:1 | Noticed a juggernaut
 42892 | Depths:1 | Killed a juggernaut
 43395 | Depths:1 | Found a one-way gateway to a ziggurat.
 43433 | Zig:1    | Entered Level 1 of a ziggurat
 43463 | Zig:1    | Identified the +3 chain mail of Terphu {rF+ MP+9}
 43466 | Zig:2    | Entered Level 2 of a ziggurat
 43469 | Zig:2    | Noticed Baej Tei the pandemonium lord
 43471 | Zig:2    | Banished Baej Tei the pandemonium lord
 43492 | Zig:3    | Entered Level 3 of a ziggurat
 43553 | Zig:4    | Entered Level 4 of a ziggurat
 43554 | Zig:4    | Acquired 939 gold pieces
 43558 | Zig:4    | Noticed a dread lich
 43558 | Zig:4    | Paralysed by a dread lich for 3 turns
 43564 | Zig:4    | Paralysed by a sphinx for 5 turns
 43586 | Zig:4    | Killed a dread lich
 43716 | Zig:5    | Entered Level 5 of a ziggurat
 43775 | Zig:5    | Identified the +8 rapier "Plog" {freeze, rElec rF+ rC-
                  | MP+9}
 43781 | Zig:6    | Entered Level 6 of a ziggurat
 43788 | Zig:6    | Paralysed by a sphinx for 3 turns
 43789 | Zig:6    | Noticed a dread lich
 43790 | Zig:6    | Noticed a dread lich
 43798 | Zig:6    | Paralysed by a dread lich for 2 turns
 43803 | Zig:6    | Killed a dread lich
 43807 | Zig:6    | Paralysed by a dread lich for 4 turns
 43821 | Zig:6    | Killed a dread lich
 43844 | Zig:6    | Reached skill level 27 in Polearms
 43844 | Zig:6    | Reached XP level 25. HP: 221/221 MP: 23/23
 43858 | Zig:7    | Entered Level 7 of a ziggurat
 43885 | Zig:7    | Gained mutation: You are clumsy. (Dex -2) [a shining eye]
 43911 | Zig:7    | Identified the staff "Nehia" {^Fragile rPois Dex+4 Conj
                  | Fire}
 43916 | Zig:7    | Identified the +4 scale mail of the Unseen Realm {rF++
                  | Str-4 Int+3 Dex+3}
 44033 | Depths:1 | Found a gateway to Hell.
 44297 | Depths:3 | Reached XP level 26. HP: 231/231 MP: 23/23
 44506 | Depths:3 | Identified the ring "Ciwasoar" {Fire rElec}
 44615 | Depths:3 | Found a one-way gate to the infinite horrors of the Abyss.
 44672 | Depths:4 | Entered Level 4 of the Depths
 44796 | Depths:4 | Found a flickering gateway to a bazaar.
 44802 | Bazaar   | Entered a bazaar
 44802 | Bazaar   | Found Sueloydgh's Distillery.
 44809 | Bazaar   | Bought 2 potions of haste for 260 gold pieces
 44809 | Bazaar   | Bought 2 potions of haste for 260 gold pieces
 44809 | Bazaar   | Bought a potion of enlightenment for 65 gold pieces
 44809 | Bazaar   | Bought a potion of mutation for 104 gold pieces
 44809 | Bazaar   | Bought a potion of mutation for 104 gold pieces
 44816 | Bazaar   | Found Werusk's Distillery.
 44822 | Bazaar   | Found Pazom's Assorted Antiques.
 44824 | Bazaar   | Bought a potion of enlightenment for 50 gold pieces
 44824 | Bazaar   | Bought a potion of might for 40 gold pieces
 44824 | Bazaar   | Bought a potion of mutation for 80 gold pieces
 44830 | Bazaar   | Bought a potion of resistance for 180 gold pieces
 44833 | Bazaar   | Found Feraucw's Antique Weapon Emporium.
 44916 | Depths:4 | Noticed a juggernaut
 44938 | Depths:4 | Killed a juggernaut
 45119 | Depths:4 | Found a gate to the Realm of Zot.
 45348 | Zot:1    | Entered Level 1 of the Realm of Zot
 46178 | Zot:5    | Entered Level 5 of the Realm of Zot
 46554 | Zot:5    | Noticed an ancient lich
 46563 | Zot:5    | Noticed a Killer Klown
 46566 | Zot:5    | Noticed an ancient lich
 46568 | Zot:5    | Noticed an orb of fire
 46571 | Zot:5    | Reached skill level 27 in Fighting
 46576 | Zot:5    | Banished an orb of fire
 46603 | Zot:5    | Reached skill level 10 in Shields
 46629 | Zot:5    | Reached XP level 27. HP: 249/249 MP: 23/23
 46631 | Zot:5    | Noticed an orb of fire
 46636 | Zot:5    | Gained mutation: You occasionally lose the ability to drink
                  | potions when taking damage. [an orb of fire]
 46637 | Zot:5    | Gained mutation: You do not regenerate when monsters are
                  | visible. [an orb of fire]
 46640 | Zot:5    | Gained mutation: Your magical capacity is low. (-10% MP)
                  | [an orb of fire]
 46642 | Zot:5    | Gained mutation: You are occasionally teleported next to
                  | monsters. [an orb of fire]
 46644 | Zot:5    | Gained mutation: Your spells are a little easier to cast,
                  | but a little less powerful. [an orb of fire]
 46653 | Zot:5    | Killed an orb of fire
 46665 | Zot:5    | Noticed a dread lich
 46667 | Zot:5    | Noticed an ancient lich
 46671 | Zot:5    | Noticed an ancient lich
 46671 | Zot:5    | Noticed a dread lich
 46671 | Zot:5    | Noticed a dread lich
 46671 | Zot:5    | Noticed an orb of fire
 46674 | Zot:5    | Lost mutation: You do not regenerate when monsters are
                  | visible. [potion of mutation]
 46674 | Zot:5    | Lost mutation: You are clumsy. (Dex -2) [potion of
                  | mutation]
 46674 | Zot:5    | Lost mutation: You are partially covered in iridescent
                  | scales. (AC +2) [potion of mutation]
 46674 | Zot:5    | Gained mutation: You sometimes lose the ability to drink
                  | potions when taking damage. [potion of mutation]
 46674 | Zot:5    | Gained mutation: You are strong-willed. (Will+) [potion of
                  | mutation]
 46675 | Zot:5    | Lost mutation: Your magical capacity is low. (-10% MP)
                  | [potion of mutation]
 46675 | Zot:5    | Lost mutation: You possess an exceptional clarity of mind.
                  | [potion of mutation]
 46675 | Zot:5    | Gained mutation: Your mind is acute. (Int +4, Str/Dex -1)
                  | [potion of mutation]
 46676 | Zot:5    | Lost mutation: You sometimes lose the ability to drink
                  | potions when taking damage. [potion of mutation]
 46676 | Zot:5    | Lost mutation: You are weak. (Str -2) [potion of mutation]
 46676 | Zot:5    | Lost mutation: Your mind is acute. (Int +4, Str/Dex -1)
                  | [potion of mutation]
 46676 | Zot:5    | Lost mutation: You are strong-willed. (Will+) [potion of
                  | mutation]
 46676 | Zot:5    | Gained mutation: You are clumsy. (Dex -2) [potion of
                  | mutation]
 46676 | Zot:5    | Gained mutation: You are robust. (+10% HP) [potion of
                  | mutation]
 46677 | Zot:5    | Lost mutation: Your spells are a little easier to cast, but
                  | a little less powerful. [potion of mutation]
 46677 | Zot:5    | Lost mutation: You are clumsy. (Dex -2) [potion of
                  | mutation]
 46677 | Zot:5    | Gained mutation: You expend magic power (3 MP) to
                  | strengthen your wands. [potion of mutation]
 46677 | Zot:5    | Gained mutation: You are agile. (Dex +4, Str/Int -1)
                  | [potion of mutation]
 46677 | Zot:5    | Gained mutation: You have a pair of small antennae on your
                  | head. [potion of mutation]
 46677 | Zot:5    | Gained mutation: You are partially covered in iridescent
                  | scales. (AC +2) [potion of mutation]
 46678 | Zot:5    | Lost mutation: You expend magic power (3 MP) to strengthen
                  | your wands. [potion of mutation]
 46678 | Zot:5    | Lost mutation: You occasionally lose the ability to drink
                  | potions when taking damage. [potion of mutation]
 46678 | Zot:5    | Lost mutation: You are agile. (Dex +4, Str/Int -1) [potion
                  | of mutation]
 46678 | Zot:5    | Lost mutation: You have a pair of small antennae on your
                  | head. [potion of mutation]
 46678 | Zot:5    | Gained mutation: You expend magic power (3 MP) to
                  | strengthen your wands. [potion of mutation]
 46679 | Zot:5    | Lost mutation: You are robust. (+10% HP) [potion of
                  | mutation]
 46679 | Zot:5    | Lost mutation: You expend magic power (3 MP) to strengthen
                  | your wands. [potion of mutation]
 46679 | Zot:5    | Lost mutation: You are occasionally teleported next to
                  | monsters. [potion of mutation]
 46679 | Zot:5    | Gained mutation: You are clumsy. (Dex -2) [potion of
                  | mutation]
 46798 | Zot:5    | Killed a dread lich
 46895 | Zot:5    | Killed an ancient lich
 47042 | Zot:5    | Killed an ancient lich
 47047 | Zot:5    | Banished a dread lich
 47055 | Zot:5    | Got the Orb of Zot
 47144 | Zot:1    | Noticed Xemnosch the pandemonium lord
 47146 | Zot:1    | Gained mutation: You are occasionally teleported next to
                  | monsters. [a neqoxec]
 47481 | D:11     | Noticed Qionimip the pandemonium lord
 47498 | D:11     | Killed Qionimip the pandemonium lord
 47636 | D:5      | Gained mutation: You are dopey. (Int -2) [a cacodemon]
 47664 | D:5      | Reached skill level 15 in Shields
 47770 | D:$      | Escaped with the Orb!

Illustrated notes

Levels and vault maps discovered:
D:1:      tekkud_arrival_beachfront_property, layout_loops_cross, serial_shops,
          shop, serial_bayou_crossing
D:2:      layout_basic, minivault_27
D:3:      layout_basic
D:4:      layout_rooms, minmay_temple_entry_statues_fountains, uniq_eustachio
D:5:      layout_loops_cross, uniq_sigmund
D:6:      layout_rooms, nzn_wu_jian_council_hall, uniq_duvessa
D:7:      layout_loops_ring
D:8:      layout_loops_ring, enter_bailey_3, minivault_11
D:9:      layout_long_grid, minmay_lair_entry_grove
D:10:     layout_roguey, serial_library, serial_library_hellmonk_big_corner,
          serial_library_hellmonk_narrow_alcove,
          serial_library_hellmonk_double_dead_end,
          serial_library_regret_index_small_wings,
          serial_library_hellmonk_semicircle,
          serial_library_hellmonk_angled_corner,
          serial_library_hellmonk_semicircle,
          serial_library_hellmonk_open_cross,
          serial_library_hellmonk_open_square,
          serial_library_regret_index_multi, serial_library_hellmonk_u_bend
D:11:     layout_stronghold, orc_david_3, enter_trove_5, minivault_25
D:12:     layout_basic
D:13:     layout_long_grid, david_vaults_4, minmay_hollow_rounded_squares
D:14:     layout_rooms, chequers_serial_rivers_micro_a,
          dreamdust_looks_like_rain
D:15:     grunt_enter_depths_hoard, layout_long_grid, serial_bayou_ford_a,
          uniq_nessos, uniq_louise, uniq_roxanne
Temple:   compressed_dpeg_triangle_lava_temple
Lair:1:   layout_misc_corridors
Lair:2:   layout_regular_city, mainiacjoe_shoals_entry_four_pools,
          spider_nest_entry_rubble
Lair:3:   layout_gridlike
Lair:4:   beast_lair_carwin_large_2, layout_cave_pods, minivault_19
Lair:5:   gammafunk_lair_ancient_temple, layout_loops_ring,
          minmay_slime_entry_oklob_open, grunt_forest_large_clearings,
          uniq_snorg
Shoals:1: layout_shoals
Shoals:2: layout_shoals, serial_shops, nicolae_stop_n_shop_1, shop, shop
Shoals:3: layout_shoals, portal_ice_cave_entry_pillars_1,
          nicolae_shoals_cliffside_cave, uniq_ilsuiw
Shoals:4: shoals_end_grunt_garden, layout_shoals, serial_shops, shop
Spider:1: layout_spider_delve, guppyfry_spider_mini_2
Spider:2: layout_spider_delve, gammafunk_ghost_cemetery, uniq_nikola,
          uniq_frances
Spider:3: layout_spider_delve, nicolae_spider_some_kinda_spiderbox
Spider:4: grunt_spider_rune_circles, drop_trap, nicolae_spider_orb_run
Orc:1:    layout_caves, uniq_jorgrun, uniq_sonja
Orc:2:    st_orc_rangers, layout_caves, basic_altar, gammafunk_ghost_smash
Elf:1:    layout_rooms, serial_shops, nicolae_shop_crystal,
          hangedman_elf_disciples, uniq_norris, uniq_donald
Elf:2:    nicolae_elf_blades_crystal_corner, layout_gridlike, serial_shops,
          nicolae_shop_tiny_waterfront, minmay_misc_feat_ornament
Elf:3:    minmay_elf_hall_golems, layout_geoelf_castle
Vaults:1: nicolae_vaults_trapezoid_3, nicolae_vaults_network_star,
          nicolae_vaults_rhombus_6, hangedman_vaults_pinch,
          ontoclasm_vaults_chip, v_misc_29, nicolae_vaults_alarming,
          nicolae_vaults_cochlea, nicolae_vaults_rhombus_5,
          vaults_dpeg_encased_lava, vaults_room_door_hall,
          nicolae_vaults_trapezoid_lopsided_3, vaults_mumra_lcd,
          ontoclasm_vaults_pinch, nicolae_vaults_tetromino_Z_1,
          vaults_dpeg_emergency_exit, layout_vaults_omnicross
Vaults:2: nicolae_vaults_border_crossing, vaults_room_grid,
          hangedman_vaults_corner, not_door_vault_due,
          nicolae_vaults_double_plus_2, nicolae_vaults_variable_pillar_hall,
          layout_vaults_omnigrid
Vaults:3: mu_enter_wizlab_1, v_misc_2, nicolae_vaults_trapezoid_4,
          nicolae_vaults_shelves_hall, v_misc_10, nicolae_vaults_wrenched,
          v_misc_16, v_alt_pattern_6, nicolae_vaults_apartment_2,
          nicolae_vaults_little_squares_2, ontoclasm_vaults_twist, v_misc_32,
          grunt_vaults_diagonal, nicolae_vaults_bisected_slash,
          nicolae_vaults_tetromino_T_1, nicolae_vaults_little_ls,
          ontoclasm_vaults_shout, vaults_dpeg_cross, vaults_room_semicircle,
          layout_vaults_omnibox, serial_shops, shop, nicolae_shop_behind_doors,
          shop, nicolae_shop_back_alley_shop, shop
Vaults:4: v_pattern_4, hangedman_vaults_maws, nicolae_vaults_network_barrier,
          nicolae_vaults_mitosis, nicolae_vaults_sesquioval_fish,
          nicolae_vaults_trapezoid_lopsided_4, nicolae_vaults_cochlea,
          nicolae_vaults_apartment_2, nicolae_vaults_specimen_jars,
          layout_vaults_chaotic_city, uniq_jory, uniq_saint_roka
Vaults:5
Depths:1: layout_gridlike, enter_ziggurat_d, grunt_hell_entry_dis_grunt,
          nicolae_kite_square_tiling_tiny, nicolae_lava_and_water,
          kennysheep_cross_bottleneck, kennysheep_generic_room_16, firewood_loft
Depths:2: grunt_profane_halls [grunt_profane_temple_dis,
          grunt_profane_temple_tar, grunt_profane_temple_geh,
          grunt_profane_temple_coc, grunt_profane_loot], pan_entry, hell_entry,
          uniq_aizul
Depths:3: nzn_winding_woodlands_three_and_one
          [nzn_winding_woodlands_5x15_pathside_ponds,
          nzn_winding_woodlands_5x15_eye,
          nzn_winding_woodlands_5x15_lazy_stream,
          nzn_winding_woodlands_center_diamonds], layout_gridlike,
          hangedman_coc_ice_floe, abyss_entry_small_statue_room
Depths:4: grunt_zot_entry_tricorne, layout_cave_pools, abyss_entry, hell_entry,
          serial_shops, bzr_entry_road, grunt_megastairs_1
Zot:1:    layout_concentric_octagons
Zot:2:    layout_cathedral_of_symmetry, regret_index_zotdec_wing_it, drop_trap
Zot:3:    nicolae_zot_stationary_front, layout_basic,
          regret_index_zotdec_carving_tricks, hangedman_player_shredder
Zot:4:    kennysheep_spiral_hall, layout_onion
Zot:5:    layout_gridlike

Skill      XL: |  1  2  3  4  5  6  7  8  9 10 11 12 13 14 15 16 17 18 19 20 21 22 23 24 25 26 27 |
---------------+----------------------------------------------------------------------------------+-----
Polearms       | 3 4 5 7 9 12 14 17 18 21 23 24 27 | 27.0
Fighting       | 4 5 6 7 9 11 12 13 15 19 20 21 23 27 | 27.0
Dodging        | 9 13 14 16 20 25 27 | 27.0
Shields        | 9 10 15 | 15.0
Long Blades    | 10 | 10.2
Shapeshifting  | 5 14 19 22 | 22.7
Armour         | 4 |  4.5

Action                     |  1- 3 |  4- 6 |  7- 9 | 10-12 | 13-15 | 16-18 | 19-21 | 22-24 | 25-27 || total
---------------------------+-------+-------+-------+-------+-------+-------+-------+-------+-------++-------
  Melee: Trident           |   147 |   157 |   102 |   542 |  1442 |  1894 |   790 |       |       ||  5074
         Halberd           |       |       |   175 |    71 |       |       |       |       |       ||   246
         Tailslap          |       |       |     1 |     1 |    16 |       |       |       |       ||    18
         Double sword      |       |       |       |       |       |    59 |       |       |       ||    59
         Demon trident     |       |       |       |       |       |       |   245 |   897 |   879 ||  2021
         Unarmed           |       |       |       |       |       |       |       |    11 |       ||    11
 Invoke: Call Merchant     |       |       |     1 |     2 |     2 |     1 |     2 |       |       ||     8
         Potion Petition   |       |       |       |     3 |       |       |     3 |     3 |       ||     9
         Bribe Branch      |       |       |       |       |       |       |       |       |     2 ||     2
  Evoke: Wand              |       |     9 |    15 |    23 |     7 |       |       |       |       ||    54
         Lightning rod     |       |       |       |       |       |     6 |     7 |     6 |       ||    19
    Use: Scroll            |     4 |     2 |     9 |    15 |    15 |     8 |    21 |    12 |    10 ||    96
         Potion            |       |       |     3 |     6 |       |    10 |     7 |    10 |    12 ||    48
   Stab: Distracted        |       |       |     4 |     8 |    17 |    11 |     8 |    17 |     4 ||    69
         Sleeping          |       |       |     3 |     2 |       |       |     5 |     2 |       ||    12
         Invisible         |       |       |       |       |       |    10 |     1 |    11 |    15 ||    37
 Armour: Scale mail        |    69 |    97 |   158 |   161 |   302 |       |       |       |       ||   787
         Leather armour    |       |       |    42 |    69 |       |       |       |       |       ||   111
         Chain mail        |       |       |       |       |    50 |   303 |       |       |       ||   353
         Skin              |       |       |       |       |       |  1243 |   648 |   316 |   334 ||  2541
  Dodge: Dodged            |    57 |    67 |   122 |   192 |   306 |  1651 |   635 |   451 |   531 ||  4012
         Repelled          |       |       |       |       |       |       |     1 |    12 |       ||    13
  Block: Buckler           |    23 |    42 |    19 |   198 |   523 |  1596 |   648 |    17 |       ||  3066
         Kite shield       |       |       |       |    20 |       |       |       |   572 |   575 ||  1167
         Reflection        |       |       |       |    54 |    47 |   100 |    98 |    85 |    17 ||   401
   Form: Statue            |       |       |       |       |       |     2 |       |       |       ||     2
                           |       |       |       |       |       |     1 |       |       |       ||     1

Table legend: (Time is in decaauts)
 A = Elapsed time spent in this place.
 B = Non-inter-level travel time spent in this place.
 C = Inter-level travel time spent in this place.
 D = Time resting spent in this place.
 E = Time spent auto-exploring this place.
 F = Levels seen in this place.
 G = Mean time per level.
                   A        B        C        D        E       F      G
               +--------+--------+--------+--------+--------+-----+--------+
         Total |  54409 |  48143 |   6266 |   1211 |  34929 |  59 |  922.2 |
       Dungeon |  15165 |  13045 |   2120 |    262 |  10318 |  15 | 1011.0 |
        Temple |     26 |      2 |     24 |      0 |      0 |   1 |   26.0 |
          Lair |   5351 |   4935 |    416 |      4 |   4041 |   5 | 1070.2 |
        Shoals |   4742 |   4203 |    539 |    388 |   2710 |   4 | 1185.5 |
   Spider Nest |   5878 |   5605 |    273 |     22 |   3813 |   4 | 1469.5 |
  Orcish Mines |   1362 |   1134 |    228 |     22 |    752 |   2 |  681.0 |
   Elven Halls |   4456 |   3593 |    863 |     88 |   2210 |   3 | 1485.3 |
        Vaults |   9927 |   9010 |    917 |    186 |   7091 |   5 | 1985.4 |
        Depths |   3022 |   2620 |    402 |      0 |   1836 |   4 |  755.5 |
           Zot |   2495 |   2013 |    482 |    145 |   1057 |   5 |  499.0 |
      Ziggurat |    644 |    644 |      0 |     40 |    297 |   7 |   92.0 |
        Bazaar |     95 |     95 |      0 |      0 |     51 |   1 |   95.0 |
         Trove |     73 |     73 |      0 |      0 |      0 |   1 |   73.0 |
        Bailey |    352 |    352 |      0 |     52 |    148 |   1 |  352.0 |
        Wizlab |    816 |    816 |      0 |      0 |    601 |   1 |  816.0 |
               +--------+--------+--------+--------+--------+-----+--------+

Top non-repeatable levels by time:
Vaults:4: 2089 daAuts
Vaults:1: 2058 daAuts
Vaults:2: 2044 daAuts
   Elf:3: 2004 daAuts
Spider:4: 2002 daAuts
  Lair:5: 1959 daAuts
Vaults:5: 1896 daAuts
    D:13: 1866 daAuts
Vaults:3: 1840 daAuts
    D:11: 1612 daAuts
Spider:1: 1530 daAuts
    D:15: 1464 daAuts
   Elf:2: 1442 daAuts
Shoals:1: 1390 daAuts
Spider:3: 1305 daAuts
